 Dungeon Crawl Stone Soup version 0.30-a0-137-gd8773701ce (webtiles) character file.

Game seed: 5221378285156249706

135220 Iusername the Severer (level 16, 0/182 HPs)
             Began as a Minotaur Fighter on Sept 22, 2022.
             Was a High Priest of Jiyva.
             Constricted to death by a tentacled monstrosity (8 damage)
             ... on level 3 of the Swamp.
             The game lasted 01:07:58 (28889 turns).

Iusername the Severer (Minotaur Fighter)           Turns: 28889, Time: 01:07:59

Health: 0/182      AC: 35    Str: 25    XL:     16   Next: 34%
Magic:  1/15       EV: 12    Int:  2    God:    Jiyva [*****.]
Gold:   954        SH: 20    Dex: 20    Spells: 15/15 levels left

rFire   + + .      SeeInvis +    f - +4 hand axe (vorpal)
rCold   + . .      Faith    .    n - +1 tower shield of Xatwoap {rF+}
rNeg    . . .      Spirit   .    H - +0 plate armour of Kiecsaf {*Corrode rPois Will++ SInv}
rPois   +          Reflect  .    (helmet restricted)
rElec   .          Harm     .    B - +2 cloak
rCorr   +          Rampage  .    w - +3 Mad Mage's Maulers {Infuse+∞ RegenMP Int-3}
Will    +++..      Clarity  +    G - +3 pair of mountain boots {steadfast, rC+}
Stlth   ++........               j - amulet of regeneration
HPRegen 2.64/turn                y - +4 ring of evasion
MPRegen 0.99/turn                t - +4 ring of protection

@: constricted, very slow
A: horns 2, retaliatory headbutt, thin skeletal structure 1, agile 2, clarity,
fire resistance 1, robust 2, acidic bite, eyeballs 1, gelatinous body 1,
translucent skin 2, tendrils, engulf, noise suppression
}: 1/15 runes: slimy
a: Renounce Religion, Oozemancy, Slimify


You were on level 3 of the Swamp.
You worshipped Jiyva.
Jiyva was extremely pleased with you.
You visited 6 branches of the dungeon, and saw 30 of its levels.
You visited the Abyss 1 time.
You also visited: Ossuary and Ice Cave.

You collected 1354 gold pieces.
You spent 400 gold pieces at shops.

Inventory:

Hand Weapons
 f - a +4 vorpal hand axe (weapon)
Armour
 n - the +1 tower shield of Xatwoap (worn) {rF+}
   (You found it on level 2 of the Swamp)

   rF:        It protects you from fire.
 w - the +3 Mad Mage's Maulers (worn) {Infuse+∞ RegenMP Int-3}
   (You bought it in a shop on level 11 of the Dungeon)

   It empowers its wearer's blows with all of their magic.
   It causes its wearer's magical reserves to regenerate more quickly.
   Int:       It affects your intelligence (-3).
 B - a +2 cloak (worn)
 G - the +3 pair of mountain boots (worn) {steadfast, rC+}
   (You found it on level 5 of the Pits of Slime)

   It prevents involuntary movement, except for blinking, teleportation, or
   banishment.
   rC:        It protects you from cold.
 H - the +0 plate armour of Kiecsaf (worn) {*Corrode rPois Will++ SInv}
   (You found it on level 4 of the Lair of Beasts)

   rPois:     It protects you from poison.
   SInv:      It lets you see invisible.
   *Corrode:  It may corrode you when you take damage.
   Will:      It greatly increases your willpower.
Jewellery
 j - an amulet of regeneration (around neck)
 t - a +4 ring of protection (right hand)
 y - a +4 ring of evasion (left hand)
Wands
 d - a wand of charming (2)
 o - a wand of acid (1)
 C - a wand of polymorph (10)
Scrolls
 b - a scroll of amnesia
 g - 2 scrolls of magic mapping
 r - a scroll of silence
 s - a scroll of poison
 u - 4 scrolls of vulnerability
 x - 2 scrolls of brand weapon
 E - a scroll of fear
 K - a scroll of immolation
Potions
 i - 5 potions of heal wounds
 k - 4 potions of curing
 p - 2 potions of invisibility
 v - 2 potions of haste
 z - 4 potions of magic
 A - 3 potions of mutation
 D - 2 potions of might
 F - 2 potions of flight
Miscellaneous
 e - a condenser vane (inert)


   Skills:
 + Level 16.4 Fighting
 + Level 18.7 Axes
 + Level 2.1 Throwing
 + Level 15.7 Armour
 + Level 8.4 Dodging
 + Level 10.7 Stealth
 + Level 13.3 Shields
 + Level 1.7 Evocations


You had 15 spell levels left.
You didn't know any spells.
Your spell library contained the following spells:

 Spells                   Type           Power      Damage    Failure   Level
 Foxfire                  Conj/Fire      0%         2x1d4     100%        1
 Magic Dart               Conj           0%         1d3       100%        1
 Necrotise                Necr           0%         1d4       100%        1
 Inner Flame              Hex/Fire       0%         N/A       100%        3
 Kindle Blastsparks       Fire/Tloc/Air  0%         2d10      100%        3
 Ozocubu's Armour         Ice            0%         N/A       100%        3
 Vampiric Draining        Necr           0%         2d6       100%        3
 Animate Dead             Necr           0%         N/A       100%        4
 Flame Wave               Conj/Fire      0%         2d4       100%        4
 Hailstorm                Conj/Ice       0%         3d3       100%        4
 Ice Form                 Ice/Tmut       0%         N/A       100%        4
 Agony                    Necr           0%         N/A       100%        5
 Metabolic Englaciation   Hex/Ice        0%         N/A       100%        5
 Simulacrum               Ice/Necr       0%         N/A       100%        6
 Haunt                    Necr/Summ      0%         N/A       100%        7
 Ozocubu's Refrigeration  Ice            0%         4d7       100%        7
 Infestation              Necr           0%         N/A       100%        8


Dungeon Overview and Level Annotations

Branches:
Dungeon (15/15)            Temple (0/1) D:6            Lair (5/5) D:8
  Swamp (3/4) Lair:2       Spider (1/4) Lair:2        Slime (5/5) Lair:5
    Orc (2/2) D:11            Elf (0/3) Orc:2        Vaults (0/5) D:13
 Depths (0/4) D:15        Ossuary (visited)           IceCv (visited)

Altars:
Dithmenos
Fedhas
Hepliaklqana
Makhleb
Ru
Sif Muna
Uskayaw
Wu Jian
Xom
Jiyva

Shops:
D:11 [**   D:13 [   Orc:1 [((   Orc:2 *?((

Portals:
Trove: D:12 (give +2 shadow dragon scales)

Annotations:
Slime:5 Royal Jelly


Innate Abilities, Weirdness & Mutations

You have a pair of horns on your head.
You reflexively headbutt those who attack you in melee.
You have a somewhat thin skeletal structure. (Dex +2, Stealth+)
You are very agile. (Dex +8, Str/Int -2)
You possess an exceptional clarity of mind.
Your flesh is heat resistant. (rF+)
You are very robust. (+20% HP)
You have acidic saliva.
Your body has grown eyes which may confuse attackers. (Acc +3)
Your rubbery body absorbs attacks. (AC +1, EV +1)
Your translucent skin reduces your foes' accuracy. (Stealth+)
You are covered in slimy tendrils that may disarm your opponents.
Your melee attacks may engulf your foes in ooze.
You passively dampen the noise of your surroundings.


Message History

* * * LOW HITPOINT WARNING * * *
You block the hellion's attack. You block the alligator's attack. x2
The will-o-the-wisp blinks!
You hear a distant slurping noise.
You slash the tentacled monstrosity!
The tentacled monstrosity is heavily wounded.
You hit the alligator. You slash the hellion!
You engulf the hellion in ooze!
The hellion is asphyxiated!
You block the tentacled monstrosity's attack. x3
The tentacled monstrosity constricts you!
* * * LOW HITPOINT WARNING * * *
The hellion barely misses you. You block the alligator's attack.
The alligator tail-slaps you but does no damage.
You slash the tentacled monstrosity! You headbutt the tentacled monstrosity!
The tentacled monstrosity is severely wounded.
You barely miss the alligator. You hit the hellion.
The hellion is asphyxiated!
You block the hellion's attack.
The tentacled monstrosity tentacle-slaps you!
* * * LOW HITPOINT WARNING * * *
The tentacled monstrosity tentacle-slaps you.
* * * LOW HITPOINT WARNING * * *
The tentacled monstrosity tentacle-slaps you.
* * * LOW HITPOINT WARNING * * *
The tentacled monstrosity constricts you.
* * * LOW HITPOINT WARNING * * *
You block the alligator's attack.
The alligator tail-slaps you but does no damage.
You slash the tentacled monstrosity! You headbutt the tentacled monstrosity.
The tentacled monstrosity is almost dead.
You closely miss the hellion. You barely miss the alligator.
The hellion is asphyxiated!
The alligator bites you but does no damage.
You block the alligator's attack. The hellion closely misses you.
You furiously retaliate!
You headbutt the hellion!
You kill the hellion!
That felt strangely unrewarding.
You block the tentacled monstrosity's attack.
The tentacled monstrosity tentacle-slaps you but does no damage. x2
The tentacled monstrosity constricts you!
You die...

♣♣♣♣ . ♣♣~~♣♣ ..
♣.~~.♣♣♣♣ [.
♣~~~.~~.♣♣.##.
♣♣♣♣♣♣♣~<.♣........#
♣~.....§♣♣♣§§§§~~..#
♣♣.~~~~~.♣♣X§☼v§~.~..
♣~~~~~~~♣♣♣§@☼§♣♣♣..~
♣♣.......~♣♣t§§♣ §.
♣....~~~..§§§♣♣
♣.~§~.~~§~~§§§♣
♣~~~~.~~~~~~.~♣
♣♣♣♣♣♣♣§§~~~~..
♣~♣♣♣♣.~~ ♣♣♣ ~~§§§
~~


You could see a tentacled monstrosity, an alligator (swift) and a
will-o-the-wisp.

Vanquished Creatures
  The ghost of Itha the Warrior, a journeyman DsCK of Xom (Orc:1)
  An eleionoma (Swamp:2)
  3 bunyips
  An ettin (Orc:2)
  Harold (D:10)
  3 boulder beetles (D:14)
  3 ghost crabs (Swamp:2)
  4 hydras
  A death knight (D:14)
  An ogre mage (D:13)
  4 alligators
  3 two-headed ogres
  6 centaur warriors
  11 death yaks
  A tengu warrior (D:14)
  A spriggan berserker (Swamp:2)
  3 orc high priests (Orc:2)
  A deep elf knight (Swamp:2)
  7 goliath frogs
  5 spriggan druids
  A steelbarb worm (Spider:1)
  11 bog bodies
  A lindwurm (Lair:1)
  6 orc knights
  7 will-o-the-wisps
  5 orc sorcerers
  28 ugly things
  2 cyclopes
  6 manticores
  A deep elf pyromancer (D:12)
  Joseph (D:7)
  A black mamba (Lair:5)
  13 elephants
  3 ice statues (IceCv)
  2 gargoyles (D:12)
  13 cane toads
  An unseen horror (D:11)
  A hellion (Swamp:3)
  An efreet (D:13)
  7 komodo dragons
  7 rime drakes
  Maggie (D:10)
  3 freezing wraiths
  Psyche (D:8)
  2 tengu conjurers
  An anaconda simulacrum (IceCv)
  6 trolls
  3 tyrant leeches
  A bloated husk (Swamp:1)
  Grinder (D:5)
  13 polar bears
  9 hornets
  A raiju (Lair:5)
  22 blink frogs
  2 spectral orcs (Orc:1)
  Sigmund (D:4)
  2 centaur simulacra (D:13)
  2 jumping spiders
  A shadow (D:13)
  19 yaks
  18 spriggans
  2 vampires
  A culicivora (Lair:2)
  8 wraiths
  5 wyverns
  A water elemental (D:13)
  5 steam dragons
  A human (shapeshifter) (D:15)
  2 death yak simulacra (IceCv)
  A basilisk (shapeshifter) (D:15)
  6 basilisks
  4 redbacks
  2 hogs (Swamp:2)
  4 vampire mosquitoes
  8 swamp worms
  8 wargs
  Duvessa (D:5)
  5 acid dragons
  A hydra simulacrum (IceCv)
  11 water moccasins
  14 hell hounds (Lair:5)
  3 swamp drakes
  29 orc warriors
  5 ice beasts
  2 meliai simulacra (D:13)
  2 sky beasts
  13 black bears
  A boggart (D:13)
  10 centaurs
  3 ogres
  23 wolves
  2 phantoms
  A kobold brigand (D:7)
  14 bullfrogs
  An elf zombie (Ossuary)
  A necrophage (Swamp:2)
  A scorpion (D:6)
  A gnoll sergeant (D:9)
  21 wights
  Dowan (D:5)
  4 killer bees (D:9)
  A spectral ogre (Orc:1)
  5 electric eels
  7 howler monkeys
  2 centaur zombies (Ossuary)
  17 orc priests
  2 hounds
  9 iguanas
  19 orc wizards
  2 polar bear simulacra (IceCv)
  A wolf simulacrum (IceCv)
  2 boggart simulacra (D:13)
  2 mummies (Ossuary)
  3 gnolls (D:9)
  2 adders
  A shadow imp (D:7)
  3 white imps
  3 ufetubi (D:13)
  An adder zombie (Ossuary)
  A worm (D:4)
  A dart slug (D:1)
  61 orcs
  4 orc simulacra (Orc:1)
  3 bats (D:1)
  2 endoplasms (D:1)
  2 giant cockroaches
  12 goblins
  3 hobgoblins
  12 jackals
  10 kobolds
  A quokka (D:4)
  3 ball pythons
  6 frilled lizards
  3 goblin zombies (Ossuary)
  10 hobgoblin zombies (Ossuary)
  10 kobold zombies (Ossuary)
  7 orc zombies (Ossuary)
  A quokka zombie (D:4)
  4 rats
  4 rat zombies
  A briar patch (Swamp:2)
759 creatures vanquished.

Vanquished Creatures (collateral kills)
  A thorn hunter (Swamp:2)
  A bunyip (Swamp:2)
  An iguana (D:8)
  A frilled lizard (D:8)
4 creatures vanquished.

Vanquished Creatures (others)
  An ettin (D:15)
  A great orb of eyes (D:15)
  2 two-headed ogres
  A goliath frog (Swamp:1)
  A swamp dragon (Lair:5)
  2 ugly things (D:15)
  2 elephants (Lair:5)
  A komodo dragon (Lair:5)
  14 slime creatures
  2 bloated husks (Swamp:2)
  A slime creature (shapeshifter) (D:14)
  A hornet (D:13)
  A snapping turtle (shapeshifter) (D:15)
  A spriggan (D:13)
  A floating eye (Lair:5)
  A hog (Swamp:2)
  An acid dragon (D:13)
  Edmund (D:5)
  3 orc warriors
  6 boggarts
  3 ogres (Orc:2)
  A necrophage (D:5)
  An electric eel (D:13)
  3 howler monkeys
  110 jellies
  An orc priest (Orc:1)
  An iguana (D:4)
  5 orc wizards
  A spectral orc (Orc:1)
  6 adders
  4 gnolls (D:6)
  2 river rats (D:6)
  A white imp (D:5)
  2 worms (D:6)
  A dart slug (D:4)
  2 endoplasms (D:4)
  12 orcs
  A ball python (D:2)
  A bat (D:2)
  2 goblins
  2 hobgoblins (D:4)
  2 jackals (D:4)
  A kobold (D:7)
  3 rats
  54 foxfires
  77 fungi
  103 plants
  36 withered plants (Swamp:2)
482 creatures vanquished.

Grand Total: 1245 creatures vanquished

Notes
Turn   | Place    | Note
-------+----------+-------------------------------------------
     0 | D:1      | Iusername the Minotaur Fighter began the quest for the Orb.
     0 | D:1      | Reached XP level 1. HP: 19/19 MP: 0/0
   132 | D:1      | Reached XP level 2. HP: 23/26 MP: 1/1
   336 | D:1      | Found a faded altar of an unknown god.
   491 | D:1      | Got Plato's Vellum of Attacks
   502 | D:1      | Prayed at the altar of an unknown god.
   502 | D:1      | Became a worshipper of Jiyva Jinitem the Shapeless
   502 | D:1      | Reached * piety under Jiyva
   614 | D:1      | Reached skill level 3 in Axes
   614 | D:1      | Reached XP level 3. HP: 33/33 MP: 2/2
   795 | D:2      | Found a sacrificial altar of Ru.
   898 | D:2      | Reached ** piety under Jiyva
  1327 | D:2      | You fall into a shaft and drop 2 floors!
  1388 | D:4      | Found a sand-covered staircase.
  1397 | Ossuary  | Entered an ossuary
  1435 | Ossuary  | Reached XP level 4. HP: 40/40 MP: 3/3
  1442 | Ossuary  | Reached *** piety under Jiyva
  1445 | Ossuary  | Gained mutation: Your rubbery body absorbs attacks. (AC +1,
                  | EV +1) [Jiyva's grace]
  1445 | Ossuary  | Gained mutation: Your pliable body absorbs attacks. (AC +2,
                  | EV +2) [Jiyva's grace]
  1445 | Ossuary  | Gained mutation: Your gelatinous body deflects attacks. (AC
                  | +3, EV +3) [Jiyva's grace]
  1445 | Ossuary  | Gained mutation: Your body has grown eyes which may confuse
                  | attackers. (Acc +3) [Jiyva's grace]
  1472 | Ossuary  | Reached skill level 4 in Axes
  1519 | Ossuary  | Reached XP level 5. HP: 46/46 MP: 4/4
  1550 | Ossuary  | Reached skill level 5 in Axes
  1583 | Ossuary  | Identified the +1 robe of Compassion {rN+ Int+3 Slay+3}
  1713 | D:4      | Identified the +1 mace "Educk" {vorpal, rF++}
  1720 | D:4      | Reached skill level 6 in Axes
  1720 | D:4      | Reached skill level 1 in Dodging
  1720 | D:4      | Reached XP level 6. HP: 53/53 MP: 5/5
  1739 | D:4      | Noticed Sigmund
  1747 | D:4      | Killed Sigmund
  1755 | D:4      | Noticed a water moccasin
  1763 | D:4      | Killed a water moccasin
  1764 | D:4      | Reached skill level 5 in Fighting
  1764 | D:4      | Reached skill level 7 in Axes
  1764 | D:4      | Reached XP level 7. HP: 38/61 MP: 6/6
  2071 | D:4      | Noticed a +0 spear
  2078 | D:4      | Noticed a +0 short sword
  2079 | D:4      | Noticed a +0 short sword
  2079 | D:4      | Noticed a +0 falchion
  2080 | D:4      | Noticed a +0 dagger
  2080 | D:4      | Noticed a +0 spear
  2080 | D:4      | Noticed a +0 dagger
  2081 | D:4      | Noticed a +0 falchion
  2084 | D:4      | Found a hide-covered altar of Uskayaw.
  2299 | D:4      | Reached skill level 1 in Stealth
  2346 | D:4      | Found a blossoming altar of Fedhas.
  2742 | D:5      | Entered Level 5 of the Dungeon
  2743 | D:5      | Noticed Grinder
  2760 | D:5      | Killed Grinder
  2761 | D:5      | Reached skill level 8 in Axes
  2761 | D:5      | Reached skill level 5 in Armour
  2828 | D:5      | Reached **** piety under Jiyva
  2875 | D:5      | Noticed Dowan
  2877 | D:5      | Noticed Duvessa
  2887 | D:5      | Killed Dowan
  2887 | D:5      | Killed Duvessa
  2888 | D:5      | Reached XP level 8. HP: 60/70 MP: 7/7
  3201 | D:5      | Killed Edmund
  3276 | D:5      | Found an ornate altar of the Wu Jian Council.
  3276 | D:5      | Found a burning altar of Makhleb.
  3680 | D:6      | Found a staircase to the Ecumenical Temple.
  3700 | D:6      | Reached skill level 9 in Axes
  3755 | D:6      | Reached skill level 10 in Axes
  3759 | D:6      | Reached XP level 9. HP: 56/77 MP: 8/8
  3933 | D:6      | Found a hazy altar of Hepliaklqana.
  3937 | D:6      | Reached skill level 5 in Shields
  3952 | D:6      | Reached skill level 11 in Axes
  4014 | D:6      | Reached ***** piety under Jiyva
  4014 | D:6      | Lost mutation: Your body has grown eyes which may confuse
                  | attackers. (Acc +3) [Jiyva's grace]
  4014 | D:6      | Gained mutation: Your mind is acute. (Int +4, Str/Dex -1)
                  | [Jiyva's grace]
  4014 | D:6      | Gained mutation: Your mind is very acute. (Int +8, Str/Dex
                  | -2) [Jiyva's grace]
  4014 | D:6      | Gained mutation: Your body has grown eyes which may confuse
                  | attackers. (Acc +3) [Jiyva's grace]
  4014 | D:6      | Gained mutation: Your body has grown many eyes which may
                  | confuse attackers. (Acc +5) [Jiyva's grace]
  4665 | D:7      | Found a shimmering blue altar of Sif Muna.
  4698 | D:7      | Found a shimmering altar of Xom.
  5182 | D:7      | Noticed Joseph
  5190 | D:7      | Reached skill level 12 in Axes
  5199 | D:7      | Killed Joseph
  5200 | D:7      | Reached XP level 10. HP: 65/88 MP: 9/9
  5412 | D:8      | Noticed Psyche
  5424 | D:8      | Noticed an elephant
  5426 | Abyss:2  | Cast into level 2 of the Abyss (Psyche)
  5467 | D:8      | Escaped the Abyss
  5469 | D:8      | Killed Psyche
  5491 | D:8      | Reached skill level 13 in Axes
  5496 | D:8      | Killed an elephant
  5538 | D:8      | Found a staircase to the Lair.
  5964 | D:8      | Found a shadowy altar of Dithmenos.
  6213 | D:9      | Reached skill level 14 in Axes
  6335 | D:9      | Reached XP level 11. HP: 96/96 MP: 10/10
  6444 | D:9      | Reached skill level 5 in Dodging
  6515 | D:9      | Identified the +6 halberd of Cahach {pain, rF+}
  6602 | D:9      | Lost mutation: Your mind is very acute. (Int +8, Str/Dex
                  | -2) [Jiyva's grace]
  6602 | D:9      | Gained mutation: Your flesh is heat resistant. (rF+)
                  | [Jiyva's grace]
  6602 | D:9      | Gained mutation: Your flesh is very heat resistant. (rF++)
                  | [Jiyva's grace]
  6602 | D:9      | Gained mutation: Your flesh is almost immune to the effects
                  | of heat. (rF+++) [Jiyva's grace]
  6602 | D:9      | Gained mutation: You have hidden genetic potential.
                  | [Jiyva's grace]
  6618 | D:9      | Reached ****** piety under Jiyva
  6823 | D:10     | Entered Level 10 of the Dungeon
  6984 | D:10     | Noticed Harold
  6991 | D:10     | Noticed Maggie
  7394 | D:10     | Noticed a centaur warrior
  7401 | D:10     | Killed a centaur warrior
  7726 | D:10     | Found a shimmering altar of Xom.
  7900 | D:10     | Killed Harold
  7926 | D:10     | Killed Maggie
  8237 | D:10     | Noticed a yaktaur captain
  8237 | D:10     | Noticed a white ugly thing
  8238 | D:10     | Noticed a skeletal warrior
  8239 | D:10     | Noticed a boulder beetle
  8241 | D:10     | Noticed a tengu warrior
  8242 | D:10     | Noticed a five-headed hydra
  8382 | D:10     | Found a burning altar of Makhleb.
  8878 | D:11     | Found Cunny's General Store.
  8878 | D:11     | Found Haigioqubo's Specific Store.
  9249 | D:11     | Reached skill level 10 in Fighting
  9301 | D:11     | Noticed a purple ugly thing
  9310 | D:11     | Killed a purple ugly thing
  9311 | D:11     | Reached skill level 5 in Stealth
  9325 | D:11     | Noticed an orc knight
  9347 | D:11     | Slimified an orc knight
  9347 | D:11     | an orc knight changed into a slime creature
  9348 | D:11     | Noticed a two-headed ogre
  9356 | D:11     | Killed a two-headed ogre
  9891 | D:11     | Found Tottoed's Armour Shop.
  9893 | D:11     | Found a staircase to the Orcish Mines.
  9899 | D:11     | Bought the +3 Mad Mage's Maulers {Infuse+∞ RegenMP Int-3}
                  | for 400 gold pieces
  9899 | D:11     | Found the +3 Mad Mage's Maulers {Infuse+∞ RegenMP Int-3}
 10152 | D:12     | Noticed a deep elf pyromancer
 10217 | Lair:1   | Entered Level 1 of the Lair of Beasts
 10272 | Lair:1   | Lost mutation: Your flesh is almost immune to the effects
                  | of heat. (rF+++) [Jiyva's grace]
 10272 | Lair:1   | Lost mutation: Your gelatinous body deflects attacks. (AC
                  | +3, EV +3) [Jiyva's grace]
 10272 | Lair:1   | Lost mutation: You have hidden genetic potential. [Jiyva's
                  | grace]
 10272 | Lair:1   | Gained mutation: You have a somewhat thin skeletal
                  | structure. (Dex +2, Stealth+) [Jiyva's grace]
 10272 | Lair:1   | Gained mutation: You have a moderately thin skeletal
                  | structure. (Dex +4, Stealth++) [Jiyva's grace]
 10272 | Lair:1   | Gained mutation: You have an unnaturally thin skeletal
                  | structure. (Dex +6, Stealth+++) [Jiyva's grace]
 10272 | Lair:1   | Gained mutation: Your melee attacks may engulf your foes in
                  | ooze. [Jiyva's grace]
 10426 | Lair:1   | Noticed a lindwurm
 10428 | Lair:1   | Found a dark tunnel.
 10445 | Lair:1   | Killed a lindwurm
 10596 | Lair:1   | Reached skill level 15 in Axes
 10621 | Lair:1   | Reached XP level 12. HP: 108/108 MP: 1/11
 10824 | Lair:1   | Reached skill level 10 in Armour
 10930 | Lair:1   | Reached skill level 1 in Throwing
 11284 | Lair:2   | Noticed a seven-headed hydra
 11292 | Lair:2   | Killed a 12-headed hydra
 11458 | Lair:2   | Noticed a four-headed hydra
 11465 | Lair:2   | Slimified a four-headed hydra
 11465 | Lair:2   | a four-headed hydra changed into an acid blob
 11465 | Lair:2   | Noticed an acid blob
 11608 | Lair:2   | Lost mutation: Your flesh is very heat resistant. (rF++)
                  | [Jiyva's grace]
 11608 | Lair:2   | Lost mutation: Your pliable body absorbs attacks. (AC +2,
                  | EV +2) [Jiyva's grace]
 11608 | Lair:2   | Gained mutation: You have supernaturally acute eyesight.
                  | (SInv) [Jiyva's grace]
 11608 | Lair:2   | Gained mutation: Your flesh is very heat resistant. (rF++)
                  | [Jiyva's grace]
 11608 | Lair:2   | Gained mutation: Your flesh is almost immune to the effects
                  | of heat. (rF+++) [Jiyva's grace]
 11608 | Lair:2   | Gained mutation: You passively map a small area around you.
                  | [Jiyva's grace]
 11664 | Lair:2   | Found a hole to the Spider Nest.
 11817 | Lair:2   | Found a staircase to the Swamp.
 12736 | Lair:3   | Noticed Gastronok
 12746 | Lair:3   | Slimified Gastronok
 12746 | Lair:3   | Gastronok changed into Gastronok the azure jelly
 12746 | Lair:3   | Noticed Gastronok
 13046 | Lair:4   | Noticed a death yak
 13046 | Lair:4   | Noticed a death yak
 13049 | Lair:4   | Noticed a death yak
 13049 | Lair:4   | Noticed a death yak
 13049 | Lair:4   | Noticed a death yak
 13049 | Lair:4   | Noticed a death yak
 13060 | Lair:4   | Killed a death yak
 13061 | Lair:4   | Reached XP level 13. HP: 118/118 MP: 0/12
 13461 | Lair:4   | Reached skill level 16 in Axes
 13560 | Lair:4   | Lost mutation: You have an unnaturally thin skeletal
                  | structure. (Dex +6, Stealth+++) [Jiyva's grace]
 13560 | Lair:4   | Lost mutation: Your flesh is almost immune to the effects
                  | of heat. (rF+++) [Jiyva's grace]
 13560 | Lair:4   | Lost mutation: You passively map a small area around you.
                  | [Jiyva's grace]
 13560 | Lair:4   | Lost mutation: Your body has grown many eyes which may
                  | confuse attackers. (Acc +5) [Jiyva's grace]
 13560 | Lair:4   | Gained mutation: Your body has grown many eyes which may
                  | confuse attackers. (Acc +5) [Jiyva's grace]
 13560 | Lair:4   | Gained mutation: Your body is covered in eyes which may
                  | confuse attackers. (Acc +7, SInv) [Jiyva's grace]
 13560 | Lair:4   | Gained mutation: You have a small jelly attached to you
                  | that may absorb projectiles. [Jiyva's grace]
 13560 | Lair:4   | Gained mutation: Your mind is very acute. (Int +8, Str/Dex
                  | -2) [Jiyva's grace]
 13678 | Lair:4   | Identified the +0 plate armour of Kiecsaf {*Corrode rPois
                  | Will++ SInv}
 14329 | Lair:5   | Entered Level 5 of the Lair of Beasts
 14337 | Lair:5   | Noticed Snorg
 14599 | Lair:5   | Slimified Snorg
 14599 | Lair:5   | Snorg changed into Snorg the slime creature
 14599 | Lair:5   | Noticed Snorg
 14691 | Lair:5   | Noticed Rupert
 14696 | Lair:5   | Slimified Rupert
 14696 | Lair:5   | Rupert changed into Rupert the acid blob
 14696 | Lair:5   | Noticed Rupert
 14845 | Lair:5   | Noticed a fire dragon
 14850 | Lair:5   | Slimified a fire dragon
 14850 | Lair:5   | a fire dragon changed into a slime creature
 15155 | Lair:5   | Reached XP level 14. HP: 129/129 MP: 1/13
 15417 | Lair:5   | Found a viscous altar of Jiyva.
 15417 | Lair:5   | Found a staircase to the Slime Pits.
 15884 | Slime:1  | Entered Level 1 of the Pits of Slime
 15884 | Slime:1  | Noticed an acid blob
 15937 | Slime:1  | Noticed a quicksilver ooze
 16027 | Slime:2  | Noticed an azure jelly
 16144 | Slime:2  | Noticed an acid blob
 16254 | Slime:3  | Noticed an acid blob
 16288 | Slime:3  | Noticed a rockslime
 16302 | Slime:3  | Noticed a quicksilver ooze
 16317 | Slime:3  | Noticed an azure jelly
 16326 | Slime:3  | Noticed an azure jelly
 16584 | Slime:4  | Noticed a quicksilver ooze
 16696 | Slime:5  | Entered Level 5 of the Pits of Slime
 16718 | Slime:5  | Noticed a rockslime
 16752 | Slime:5  | Noticed a rockslime
 16775 | Slime:5  | Noticed a rockslime
 16802 | Slime:5  | Noticed an azure jelly
 16802 | Slime:5  | Noticed a rockslime
 16826 | Slime:5  | Noticed an acid blob
 16850 | Slime:5  | Noticed a quicksilver ooze
 16856 | Slime:5  | Noticed an acid blob
 16862 | Slime:5  | Noticed an acid blob
 16872 | Slime:5  | Noticed a quicksilver ooze
 16885 | Slime:5  | Found a viscous altar of Jiyva.
 16886 | Slime:5  | Noticed a quicksilver ooze
 16886 | Slime:5  | Found the +3 pair of mountain boots {steadfast, rC+}
 16886 | Slime:5  | Noticed an azure jelly
 16892 | Slime:5  | Noticed an acid blob
 16919 | Slime:5  | Got a slimy rune of Zot
 16931 | Slime:5  | Noticed an acid blob
 16938 | Slime:5  | Identified the +8 dagger "Concordance" {vorpal, rN+ MP+9
                  | Str+2}
 16961 | Slime:5  | Noticed the Royal Jelly
 16974 | Slime:4  | Noticed an azure jelly
 17001 | Slime:1  | Noticed a rockslime
 17001 | Slime:1  | Noticed an azure jelly
 17001 | Slime:1  | Noticed an azure jelly
 17016 | Slime:1  | Noticed an azure jelly
 17024 | Slime:1  | Noticed a quicksilver ooze
 17069 | Slime:1  | Noticed a quicksilver ooze
 17373 | Spider:1 | Entered Level 1 of the Spider Nest
 17902 | Orc:1    | Entered Level 1 of the Orcish Mines
 17902 | Orc:1    | Found Fyryohaco's Weapon Shoppe.
 18133 | Orc:1    | Found a runed translucent gate.
 18133 | Orc:1    | Found a runed translucent gate.
 18133 | Orc:1    | Found a runed translucent gate.
 18143 | Orc:1    | Lost mutation: Your body is covered in eyes which may
                  | confuse attackers. (Acc +7, SInv) [Jiyva's grace]
 18143 | Orc:1    | Gained mutation: Your translucent skin slightly reduces
                  | your foes' accuracy. (Stealth+) [Jiyva's grace]
 18143 | Orc:1    | Gained mutation: Your translucent skin reduces your foes'
                  | accuracy. (Stealth+) [Jiyva's grace]
 18143 | Orc:1    | Gained mutation: Your transparent skin significantly
                  | reduces your foes' accuracy. (Stealth+) [Jiyva's grace]
 18143 | Orc:1    | Gained mutation: You have acidic saliva. [Jiyva's grace]
 18144 | Orc:1    | Noticed an orc warlord
 18148 | Orc:1    | Noticed Itha's ghost (journeyman DsCK)
 18152 | Orc:1    | Slimified an orc warlord
 18152 | Orc:1    | an orc warlord changed into a slime creature
 18333 | Orc:1    | Killed Itha's ghost
 18334 | Orc:1    | Reached skill level 10 in Shields
 18396 | Orc:1    | Found Yhemp's Antique Weapon Boutique.
 18616 | Orc:2    | Entered Level 2 of the Orcish Mines
 18978 | Orc:2    | Noticed Josephine
 18997 | Orc:2    | Slimified Josephine
 18997 | Orc:2    | Josephine changed into Josephine the slime creature
 18997 | Orc:2    | Noticed Josephine
 19000 | Orc:2    | Reached skill level 17 in Axes
 19007 | Orc:2    | Killed Josephine the slime creature
 19563 | Orc:2    | Found Hogin's Weapon Emporium.
 19563 | Orc:2    | Found Oluni's Antique Weapon Emporium.
 19564 | Orc:2    | Found Koyhuxam's Magic Scroll Shop.
 19564 | Orc:2    | Found Tiuh's General Store.
 20154 | Orc:2    | Found a staircase to the Elven Halls.
 20336 | Orc:1    | Found Vasoxuff's Antique Armour Emporium.
 20848 | D:12     | Noticed Nergalle
 20856 | D:12     | Slimified Nergalle
 20856 | D:12     | Nergalle changed into Nergalle the slime creature
 20856 | D:12     | Noticed Nergalle
 20985 | D:12     | Lost mutation: You have a moderately thin skeletal
                  | structure. (Dex +4, Stealth++) [Jiyva's grace]
 20985 | D:12     | Lost mutation: You have supernaturally acute eyesight.
                  | (SInv) [Jiyva's grace]
 20985 | D:12     | Lost mutation: Your mind is very acute. (Int +8, Str/Dex
                  | -2) [Jiyva's grace]
 20985 | D:12     | Lost mutation: Your body has grown many eyes which may
                  | confuse attackers. (Acc +5) [Jiyva's grace]
 20985 | D:12     | Lost mutation: You have a small jelly attached to you that
                  | may absorb projectiles. [Jiyva's grace]
 20985 | D:12     | Gained mutation: You are robust. (+10% HP) [Jiyva's grace]
 20985 | D:12     | Gained mutation: You are very robust. (+20% HP) [Jiyva's
                  | grace]
 20985 | D:12     | Gained mutation: You are extremely robust. (+30% HP)
                  | [Jiyva's grace]
 20985 | D:12     | Gained mutation: You are covered in slimy tendrils that may
                  | disarm your opponents. [Jiyva's grace]
 21084 | D:12     | Found a portal to a secret trove of treasure.
 21889 | D:13     | Reached skill level 1 in Evocations
 22130 | D:13     | Found a gate to the Vaults.
 22145 | D:13     | Reached XP level 15. HP: 180/180 MP: 0/14
 22299 | D:13     | Found a frozen archway.
 22324 | IceCv    | Entered an ice cave
 23050 | D:13     | Found Railiu's Antique Armour Boutique.
 23266 | D:13     | Lost mutation: Your mind is acute. (Int +4, Str/Dex -1)
                  | [Jiyva's grace]
 23266 | D:13     | Lost mutation: You are extremely robust. (+30% HP) [Jiyva's
                  | grace]
 23266 | D:13     | Lost mutation: You have acidic saliva. [Jiyva's grace]
 23266 | D:13     | Lost mutation: Your transparent skin significantly reduces
                  | your foes' accuracy. (Stealth+) [Jiyva's grace]
 23266 | D:13     | Gained mutation: You have a pair of large horns on your
                  | head. [Jiyva's grace]
 23266 | D:13     | Gained mutation: You are agile. (Dex +4, Str/Int -1)
                  | [Jiyva's grace]
 23266 | D:13     | Gained mutation: You are very agile. (Dex +8, Str/Int -2)
                  | [Jiyva's grace]
 23266 | D:13     | Gained mutation: You passively dampen the noise of your
                  | surroundings. [Jiyva's grace]
 23816 | D:14     | Reached skill level 15 in Fighting
 23988 | D:14     | Reached skill level 18 in Axes
 24396 | D:14     | Found a sacrificial altar of Ru.
 24466 | D:15     | Entered Level 15 of the Dungeon
 24716 | D:15     | Noticed a frost giant
 24727 | D:15     | Slimified a frost giant
 24727 | D:15     | a frost giant changed into an acid blob
 24727 | D:15     | Noticed an acid blob
 25242 | D:15     | Found a staircase to the Depths.
 25317 | D:15     | Reached skill level 10 in Stealth
 25816 | Swamp:1  | Entered Level 1 of the Swamp
 25826 | Swamp:1  | Lost mutation: You have a pair of large horns on your head.
                  | [Jiyva's grace]
 25826 | Swamp:1  | Lost mutation: You are very agile. (Dex +8, Str/Int -2)
                  | [Jiyva's grace]
 25826 | Swamp:1  | Lost mutation: Your flesh is very heat resistant. (rF++)
                  | [Jiyva's grace]
 25826 | Swamp:1  | Lost mutation: You are covered in slimy tendrils that may
                  | disarm your opponents. [Jiyva's grace]
 25826 | Swamp:1  | Gained mutation: You possess an exceptional clarity of
                  | mind. [Jiyva's grace]
 25826 | Swamp:1  | Gained mutation: You are very agile. (Dex +8, Str/Int -2)
                  | [Jiyva's grace]
 25826 | Swamp:1  | Gained mutation: You are covered in slimy tendrils that may
                  | disarm your opponents. [Jiyva's grace]
 25826 | Swamp:1  | Gained mutation: You have acidic saliva. [Jiyva's grace]
 27062 | Swamp:1  | Identified the +4 hand axe of Ihacvete {freeze, Dex+4}
 27176 | Swamp:2  | Noticed a thorn hunter
 27195 | Swamp:1  | Reached skill level 15 in Armour
 27412 | Swamp:2  | Killed a thorn hunter
 27845 | Swamp:2  | Identified the +1 tower shield of Xatwoap {rF+}
 27845 | Swamp:2  | Noticed Louise
 27861 | Swamp:2  | Slimified Louise
 27861 | Swamp:2  | Louise changed into Louise the slime creature
 27861 | Swamp:2  | Noticed Louise
 27922 | Swamp:2  | Killed Louise the slime creature
 27923 | Swamp:2  | Reached XP level 16. HP: 146/174 MP: 0/15
 28307 | Swamp:2  | Noticed Kirke
 28319 | Swamp:2  | Slimified Kirke
 28319 | Swamp:2  | Kirke changed into Kirke the azure jelly
 28319 | Swamp:2  | Noticed Kirke
 28871 | Swamp:3  | Noticed a tentacled monstrosity
 28888 | Swamp:3  | HP: 5/182 [constriction (5)]
 28889 | Swamp:3  | Constricted to death by a tentacled monstrosity

Illustrated notes

Levels and vault maps discovered:
D:1:      dpeg_arrival_snail, layout_rooms, shapermc_ecumenical_altar_rom_forum,
          serial_glass, glass_columns_a, glass_columns_c, chequers_mini_garden
D:2:      layout_loops_corners, basic_altar, minmay_pentomino_v4
D:4:      layout_loops_ring, nicolae_uskayaw_en_pointe, marbit_many_paths,
          enter_ossuary_4, serial_bayou_crossing, uniq_sigmund
D:5:      layout_basic, mainiacjoe_overflow_divided_tiny, uniq_duvessa,
          uniq_grinder, uniq_edmund
D:6:      layout_loops_ring, mainiacjoe_overflow_brackets,
          minmay_temple_entry_large_hall, lightli_sewer_entry_pipes
D:7:      layout_loops_ring, mainiacjoe_overflow_catch_the_wave, uniq_joseph
D:8:      layout_basic, grunt_dithmenos_shadows, david_lair_generic,
          minmay_lizard_king, uniq_psyche
D:9:      layout_small_grid, uniq_maurice
D:10:     layout_basic, hangedman_feature_mirror,
          onia_ninara_dug_in_and_dangerous, uniq_maggie, uniq_harold
D:11:     layout_roguey, orc_david_3, serial_rivers,
          chequers_serial_rivers_room_a, chequers_serial_rivers_small_3,
          chequers_serial_rivers_micro_c, chequers_serial_rivers_marsh,
          chequers_serial_rivers_micro_e, nicolae_specific_store
D:12:     layout_basic, enter_trove_0, uniq_nergalle
D:13:     kb_forest_paths, layout_stronghold, david_vaults_2, serial_ice,
          serial_ice_i, serial_ice_b, serial_ice_n, serial_ice_d, serial_ice_f,
          serial_ice_e, serial_ice_c, portal_ice_cave_rime, serial_shops, shop
D:14:     layout_long_grid, serial_glass, glass_columns_a, glass_columns_a,
          glass_columns_c, glass_columns_a, glass_columns_a,
          minmay_misc_feat_secret_circle, nicolae_ru_the_path_less_chosen
D:15:     gammafunk_enter_depths_forms, layout_irregular_city,
          chequers_serial_rivers_large_a, minmay_radiant
Lair:1:   layout_cave_pods, nicolae_volcano_entry_vermiform, lemuel_fruit_tree
Lair:2:   layout_long_grid, nicolae_swamp_entry_splash_gauntlet,
          spider_nest_entry_a
Lair:3:   layout_regular_city, uniq_gastronok
Lair:4:   layout_cave_pods, grunt_megastairs_4
Lair:5:   guppyfry_lair_end_dragon, layout_cellular_growth,
          hangedman_lair_caniforms_friends, minmay_slime_entry_eyes,
          nicolae_quartered_pool_medium, uniq_snorg, uniq_rupert
Swamp:1:  layout_basic_swamp, nicolae_swamp_orc_logging_accident
Swamp:2:  cheibrodos_swamp_heart_of_darkness, layout_falls_marsh,
          nicolae_swamp_decorative_isthmus, st_shrine_of_shade,
          infiniplex_staircase_pool, uniq_kirke, uniq_louise
Swamp:3:  layout_basic_swamp, evilmike_swamp_ruin_house_4
Spider:1: layout_spider_delve
Slime:1:  layout_caves
Slime:2:  layout_caves
Slime:3:  layout_caves
Slime:4:  layout_caves
Slime:5
Orc:1:    layout_caves, serial_shops, shop, shop, nicolae_shop_advertising_works
          [nicolae_subvault_shop_adworks], gammafunk_ghost_necromancy
Orc:2:    st_orc_elflike, layout_caves, nicolae_orc_flooded_monolith,
          uniq_josephine

Skill      XL: |  1  2  3  4  5  6  7  8  9 10 11 12 13 14 15 16 |
---------------+-------------------------------------------------+-----
Shields        | 4 5 6 7 8 9 11 12 13 | 13.3
Armour         | 4 5 7 8 9 11 12 14 15 | 15.7
Axes           | 3 4 6 7 8 10 12 14 15 16 17 18 | 18.7
Fighting       | 4 5 6 7 9 10 12 13 14 16 | 16.4
Dodging        | 1 2 3 4 6 7 8 |  8.4
Stealth        | 1 2 3 4 5 7 8 9 10 | 10.7
Throwing       | 1 2 |  2.1
Evocations     | 1 |  1.7

Action                   |  1- 3 |  4- 6 |  7- 9 | 10-12 | 13-15 | 16-18 || total
-------------------------+-------+-------+-------+-------+-------+-------++-------
Melee: War axe           |    77 |    88 |   209 |   121 |       |       ||   495
       Headbutt          |     6 |    16 |    39 |   137 |   374 |    45 ||   617
       Hand axe          |       |       |       |   422 |  1275 |   187 ||  1884
       Bite              |       |       |       |       |    86 |    22 ||   108
Throw: Boomerang         |       |       |       |     5 |       |       ||     5
       Javelin           |       |       |       |       |     4 |       ||     4
Invok: Slimify           |       |       |       |     3 |    14 |     1 ||    18
       Oozemancy         |       |       |       |       |     2 |       ||     2
Evoke: Condenser vane    |       |       |       |       |     1 |     1 ||     2
       Wand              |       |       |       |       |    17 |       ||    17
  Use: Scroll            |       |       |     3 |    10 |     8 |     3 ||    24
       Potion            |       |       |     3 |     4 |     5 |     5 ||    17
 Stab: Confused          |       |     3 |     8 |    22 |    43 |     4 ||    80
       Sleeping          |       |       |       |    11 |     4 |       ||    15
       Distracted        |       |       |       |       |     6 |       ||     6
       Invisible         |       |       |       |       |     9 |       ||     9
Armor: Scale mail        |    56 |    23 |    65 |   174 |    18 |       ||   336
       Plate armour      |       |       |       |       |   564 |   137 ||   701
Dodge: Dodged            |    46 |    58 |   109 |   294 |   828 |   125 ||  1460
Block: Buckler           |    21 |    13 |    35 |    95 |   343 |       ||   507
       Tower shield      |       |       |       |       |       |   220 ||   220

Table legend: (Time is in decaauts)
 A = Elapsed time spent in this place.
 B = Non-inter-level travel time spent in this place.
 C = Inter-level travel time spent in this place.
 D = Time resting spent in this place.
 E = Time spent auto-exploring this place.
 F = Levels seen in this place.
 G = Mean time per level.
                   A        B        C        D        E       F      G
               +--------+--------+--------+--------+--------+-----+--------+
         Total |  28615 |  26933 |   1682 |   5801 |  15644 |  33 |  867.1 |
       Dungeon |  14358 |  13416 |    942 |   2351 |   8853 |  14 | 1025.6 |
          Lair |   5983 |   5498 |    485 |    647 |   3816 |   5 | 1196.6 |
         Swamp |   3173 |   3150 |     23 |   1249 |   1112 |   3 | 1057.7 |
   Spider Nest |     99 |     99 |      0 |     53 |      8 |   1 |   99.0 |
    Slime Pits |   1354 |   1317 |     37 |      0 |   1043 |   5 |  270.8 |
  Orcish Mines |   2665 |   2470 |    195 |   1016 |    783 |   2 | 1332.5 |
         Abyss |     40 |     40 |      0 |      0 |      9 |   1 |   40.0 |
       Ossuary |    284 |    284 |      0 |      0 |     19 |   1 |  284.0 |
      Ice Cave |    656 |    656 |      0 |    485 |      0 |   1 |  656.0 |
               +--------+--------+--------+--------+--------+-----+--------+

Top non-repeatable levels by time:
    D:10: 2132 daAuts
 Swamp:1: 1620 daAuts
  Lair:4: 1574 daAuts
 Swamp:2: 1460 daAuts
   Orc:2: 1418 daAuts
    D:11: 1402 daAuts
  Lair:5: 1283 daAuts
   Orc:1: 1247 daAuts
  Lair:2: 1205 daAuts
     D:4: 1183 daAuts
    D:13: 1182 daAuts
  Lair:1: 1105 daAuts
    D:15: 1033 daAuts
    D:12: 1013 daAuts
    D:14: 892 daAuts
